 Dungeon Crawl Stone Soup version 0.28.0 (webtiles) character file.

Game seed: 4325846968383084743

44 zeram the Sneak (level 3, -5/21 HPs)
             Began as an Octopode Enchanter on Feb 5, 2022.
             Slain by a worm (11 damage)
             ... on level 2 of the Dungeon.
             The game lasted 00:01:11 (832 turns).

zeram the Sneak (Octopode Enchanter)                 Turns: 832, Time: 00:01:13

Health: -5/21      AC:  1    Str:  7    XL:     3   Next: 62%
Magic:  6/6        EV: 13    Int: 19    God:
Gold:   43         SH:  0    Dex: 12    Spells: 6/6 levels left

rFire   . . .      SeeInvis .   a - +1 dagger
rCold   . . .      Faith    .   (no shield)
rNeg    . . .      Spirit   .   (helmet restricted)
rPois   .          Reflect  .   (no amulet)
rElec   .          Harm     .   (no ring)
rCorr   .          Rampage  .   (no ring)
Will    .....                   (no ring)
Stlth   ++++......              (no ring)
HPRegen 0.07/turn               (no ring)
MPRegen 0.10/turn               (no ring)
                                (no ring)
                                (no ring)

@: no status effects
A: almost no armour, amphibious, 8 rings, camouflage 1, gelatinous body 1,
(nimble swimmer 1), tentacles
a: no special abilities


You were on level 2 of the Dungeon.
You visited 1 branch of the dungeon, and saw 2 of its levels.

You collected 43 gold pieces.

Inventory:

Hand Weapons
 a - a +1 dagger (weapon)
Scrolls
 c - a scroll of fog {unknown}
 e - a scroll of fear
Potions
 b - a potion of invisibility
 d - a potion of ambrosia {unknown}


   Skills:
 + Level 1.1 Short Blades
 + Level 2.1 Dodging
 + Level 4.8 Stealth
 + Level 2.3 Spellcasting
 + Level 3.6 Hexes


You had 6 spell levels left.
You didn't know any spells.
Your spell library contained the following spells:

 Spells                   Type           Power      Damage    Failure   Level
 Confusing Touch          Hex            15%        N/A       11%         3
 Tukima's Dance           Hex            15%        N/A       11%         3
 Ensorcelled Hibernation  Hex/Ice        18%        N/A       12%         2
 Dazzling Flash           Conj/Hex       18%        N/A       24%         3


Dungeon Overview and Level Annotations

Branches:
Dungeon (2/15)

Altars:
Hepliaklqana

Shops:
D:1 *


Innate Abilities, Weirdness & Mutations

You cannot wear most types of armour.
You are amphibious.
You can wear up to eight rings at the same time.
Your skin changes colour to match your surroundings (Stealth+).
Your rubbery body absorbs attacks. (AC +1, EV +1)
((You are camouflaged when in or above water. (Stealth+)))
You have tentacles for arms and can constrict up to eight enemies at once.


Message History

You are too injured to fight recklessly!
You hit the hobgoblin but do no damage.
Your tentacle-slap misses the hobgoblin.
The hobgoblin is almost dead.
You constrict the hobgoblin, but do no damage.
The hobgoblin barely misses you.
You hit the hobgoblin but do no damage.
The hobgoblin is almost dead.
You constrict the hobgoblin.
You kill the hobgoblin!
You start resting.
A worm comes into view.
You aren't carrying any items that you can evoke.
As you read the scroll labelled GUBLOR POUTH, it crumbles to dust.
You assume a fearsome visage.
The worm looks frightened!
It was a scroll of fear.
Found a red potion.
A rat comes into view.
The rat barely misses you.
You barely miss the rat. You grab the rat. You constrict the rat.
The rat bites you.
You are too injured to fight recklessly!
You are too injured to fight recklessly!
You are too injured to fight recklessly!
You are too injured to fight recklessly!
You are too injured to fight recklessly!
You are too injured to fight recklessly!
You hit the rat.
You kill the rat!
The worm seems to regain its courage.
Unknown command.
You hit the worm but do no damage. You grab the worm. You constrict the worm.
The worm bites you.
* * * LOW HITPOINT WARNING * * *
You hit the worm but do no damage. You constrict the worm. You hit the worm.
The worm is lightly wounded.
You constrict the worm. The worm bites you!
Ouch! That really hurt!
You die...

#)...#.###.†............#.#......
#....#....####...(..........#.###
#....####.#....#............#...#
#...).†......#########.._...###.#
####.........# #.......#...#
#.........########.......#.###
#................#.##......##
#................#......>...#
#######......@†..#..........#
#.......w..#..........#
#..........##.........#
#........!.##.........#
#..........##.........#
#..........##.........#
#..........# .........#
############


You could see a worm.

Vanquished Creatures
  3 adders (D:2)
  An adder skeleton (D:2)
  3 ball pythons
  An endoplasm (D:2)
  A goblin (D:1)
  2 hobgoblins (D:2)
  A frilled lizard (D:2)
  2 kobolds (D:2)
  3 rats
17 creatures vanquished.

Notes
Turn   | Place    | Note
-------+----------+-------------------------------------------
     0 | D:1      | zeram the Octopode Enchanter began the quest for the Orb.
     0 | D:1      | Reached XP level 1. HP: 11/11 MP: 3/3
    75 | D:1      | Found Jyff's Assorted Antiques.
   176 | D:1      | You fall into a shaft and drop 1 floor!
   188 | D:2      | Reached XP level 2. HP: 8/17 MP: 5/5
   426 | D:2      | Found a hazy altar of Hepliaklqana.
   459 | D:2      | Reached XP level 3. HP: 16/21 MP: 6/6
   832 | D:2      | Slain by a worm

Illustrated notes

Levels and vault maps discovered:
D:1:      nzn_arrival_depleted_hourglass, layout_basic,
          shapermc_ecumenical_altar_rom_forum, serial_shops, shop, shop, shop,
          nicolae_shop_overgrown_old_shop
D:2:      layout_basic, basic_altar, kennysheep_jessica_study

Action                   || total
-------------------------++-------
Melee: Dagger            ||    44
       Constrict         ||    10
       Tentacles         ||    10
       Punch             ||     2
  Use: Scroll            ||     1
 Stab: Sleeping          ||     5
       Distracted        ||     1
Armor: Skin              ||     5
Dodge: Dodged            ||    22
